 Dungeon Crawl Stone Soup version 0.30-b1-2-g02819fbbbe (webtiles) character file.

Game seed: 6507896657517629870

411 MajorAdolf the Charlatan (level 6, 0/56 HPs)
             Began as a Naga Wanderer on Sept 3, 2023.
             Slain by Grinder (3 damage)
             ... on level 5 of the Dungeon.
             The game lasted 00:11:30 (7759 turns).

MajorAdolf the Charlatan (Naga Wanderer)            Turns: 7759, Time: 00:11:31

Health: 0/56       AC:  3    Str: 16    XL:     6   Next: 90%
Magic:  7/7        EV:  9    Int: 13    God:
Gold:   130        SH:  0    Dex: 10    Spells: 3/7 levels left

rFire   + . .        o - +8 hand axe of the Scorching Bear {flame, Drain rF+ rCorr}
rCold   . . .        (no shield)
rNeg    . . .        s - +0 robe
rPois   +            (no helmet)
rElec   .            (no cloak)
rCorr   +            (no gloves)
SInv    +            (no barding)
Will    .....        (no amulet)
Stlth   ++           (no ring)
HPRegen 0.29/turn    (no ring)
MPRegen 0.10/turn

%: no passive effects
@: very slow
A: AC +2, large, see invisible, deformed body, poison resistance, slowness 2,
spit poison 1, naga tail 1
a: Spit Poison


You were on level 5 of the Dungeon.
You visited 2 branches of the dungeon, and saw 6 of its levels.

You collected 130 gold pieces.

Inventory:

Hand Weapons
 a - a +0 club
 e - a +0 sling
 h - a +0 whip
 l - a +0 trident of protection
 m - a +0 triple crossbow
 o - the +8 hand axe of the Scorching Bear (weapon) {flame, Drain rF+ rCorr}
   (You found it on level 2 of the Dungeon)

   rF:        It protects you from fire.
   rCorr:     It protects you from acid and corrosion.
   Drain:     It drains your maximum health when unequipped.
 q - a +1 rapier of holy wrath
 w - a +2 whip of electrocution
Missiles
 g - 52 stones
Armour
 s - a +0 robe (worn)
Wands
 d - a wand of acid (1)
Scrolls
 c - a scroll of fear
 f - 2 scrolls of teleportation {unknown}
 k - 4 scrolls of identify {unknown}
 r - a scroll of silence {unknown}
 t - 3 scrolls of poison {unknown}
 v - a scroll of amnesia {unknown}
Potions
 b - a potion of magic {unknown}
 i - a potion of curing
 j - 2 potions of heal wounds {unknown}
 n - 3 potions of flight {unknown}
 p - a potion of attraction {unknown}
 u - a potion of berserk rage {unknown}


   Skills:
 + Level 3.1 Fighting
 + Level 2.2(2.4) Axes
 - Level 1.1(1.9) Polearms
 - Level 1.0 Armour
 + Level 3.1 Stealth
 - Level 1.0 Spellcasting
 + Level 1.9 Conjurations
 - Level 3.5 Air Magic
 + Level 2.0 Earth Magic
 + Level 5.3 Evocations


You had 3 spell levels left.
You knew the following spells:

 Your Spells              Type           Power      Damage    Failure   Level
a - Shock                 Conj/Air       28%        1d4       10%         1
b - Stone Arrow           Conj/Erth      10%        3d7       36%         3

Your spell library contained the following spells:

 Spells                   Type           Power      Damage    Failure   Level
 Swiftness                Air            9%         N/A       21%         3
 Animate Armour           Summ/Erth      6%         N/A       88%         4
 Anguish                  Hex/Necr       0%         N/A       95%         4
 Cause Fear               Hex            0%         N/A       95%         4
 Enfeeble                 Hex            0%         N/A       100%        7
 Lehudib's Crystal Spear  Conj/Erth      2%         10d2      100%        8


Dungeon Overview and Level Annotations

Branches:
Dungeon (5/15)             Temple (1/1) D:4

Altars:
Ashenzari
Cheibriados
Dithmenos
Elyvilon
Hepliaklqana
Kikubaaqudgha
Makhleb
Nemelex Xobeh
Okawaru
Ru
Sif Muna
Xom
Yredelemnul
The Shining One

Shops:
D:3 ?   D:4 [

Annotations:
D:5 Grinder


Innate Abilities, Weirdness & Mutations

Your serpentine skin is tough. (AC +2)
You have supernaturally acute eyesight. (SInv)
Armour fits poorly on your strangely shaped body.
Your system is resistant to poisons. (rPois)
You cover ground very slowly.
You can spit poison.
You have a snake-like lower body.


Message History

You kill the orc!
Grinder blinks!
Unknown command.
Things that are here:
a +0 club; a +0 ring mail Grinder gestures at you.
Pain shoots through your body! Grinder gestures at you.
Pain shoots through your body! Grinder gestures at you.
You suddenly lose the ability to move!
Grinder hits you.
You writhe in agony.
You can move again.
There is an open door here.
There is a stone staircase leading down here.
You barely miss Grinder. Grinder closely misses you.
You slash Grinder! You burn Grinder.
Grinder is moderately wounded.
Grinder hits you!
* * * LOW HITPOINT WARNING * * *
You writhe in agony.
* * * LOW HITPOINT WARNING * * *
Unknown command.
Okay, then.
You hit Grinder. You burn Grinder.
Grinder is heavily wounded.
Grinder hits you.
* * * LOW HITPOINT WARNING * * *
You writhe in agony.
* * * LOW HITPOINT WARNING * * *
Grinder hits you but does no damage.
Unknown command.
It was a potion of curing.
You feel better. Grinder hits you.
* * * LOW HITPOINT WARNING * * *
You writhe in agony.
* * * LOW HITPOINT WARNING * * *
You feel better. Grinder hits you.
* * * LOW HITPOINT WARNING * * *
You writhe in agony.
You die...

#.5##### ##.#...<..
##.....## ##..#...#.#
#......### #...+...#.#
#......#.# ###.#.#...#.#
######.#.####...#.#####..
######.#..........# ##
#......#.....######
#......#..####
#......5@.# #......####
#......# #......#
########


You could see Grinder.

Vanquished Creatures
  4 orc priests
  A hound (D:5)
  5 orc wizards
  An adder (D:4)
  An ufetubus (D:5)
  2 worms (D:2)
  6 dart slugs
  12 orcs
  11 ball pythons
  8 endoplasms
  4 giant cockroaches
  4 goblins
  4 hobgoblins
  12 jackals
  2 quokkas
  6 bats
  2 frilled lizards (D:1)
  7 kobolds
  6 rats
98 creatures vanquished.

Notes
Turn   | Place    | Note
-------+----------+-------------------------------------------
     0 | D:1      | MajorAdolf the Naga Wanderer began the quest for the Orb.
     0 | D:1      | MajorAdolf set off with the following items: a +0 club, a
                  | +0 ring mail, a scroll of fear, a wand of acid (2); and the
                  | following spell memorised: Shock; and the following spells
                  | available to memorise: Swiftness.
     0 | D:1      | Reached XP level 1. HP: 18/18 MP: 2/2
   330 | D:1      | Reached XP level 2. HP: 23/25 MP: 0/3
  4912 | D:1      | Glimpsed the power of Zot.
  5065 | D:1      | Reached XP level 3. HP: 31/31 MP: 4/4
  5282 | D:1      | Glimpsed the power of Zot.
  5646 | D:2      | Reached skill level 1 in Polearms
  5960 | D:2      | Identified the +8 hand axe of the Scorching Bear {flame,
                  | Drain rF+ rCorr}
  6060 | D:2      | Found an ancient bone altar of Kikubaaqudgha.
  6126 | D:2      | Reached XP level 4. HP: 39/39 MP: 5/5
  6158 | D:2      | You fall into a shaft and drop 1 floor!
  6474 | D:3      | Found Ytabacir's Magic Scroll Shoppe.
  6957 | D:4      | Reached skill level 1 in Axes
  7041 | D:4      | Learned a level 3 spell: Stone Arrow
  7060 | D:4      | Found Aptoi's Antique Armour Boutique.
  7071 | D:4      | Reached skill level 1 in Stealth
  7071 | D:4      | Reached XP level 5. HP: 33/46 MP: 6/6
  7078 | D:4      | Reached skill level 1 in Conjurations
  7078 | D:4      | Reached skill level 1 in Earth Magic
  7431 | D:4      | Found a staircase to the Ecumenical Temple.
  7488 | Temple   | Entered the Ecumenical Temple
  7593 | D:4      | Reached XP level 6. HP: 53/55 MP: 7/7
  7681 | D:5      | Entered Level 5 of the Dungeon
  7729 | D:5      | Noticed Grinder
  7749 | D:5      | Paralysed by Grinder for 5 turns
  7757 | D:5      | HP: 1/56 [Grinder (5)]
  7759 | D:5      | Slain by Grinder

Illustrated notes

Levels and vault maps discovered:
D:1:      minmay_arrival_glassed_features, layout_basic
D:2:      layout_loops_corners, basic_altar
D:3:      layout_basic, serial_shops, shop
D:4:      layout_rooms, minmay_temple_entry_poolview, serial_shops, shop,
          minmay_statues_item
D:5:      layout_basic, amcnicky_altar_gilded, serial_glass, glass_columns_a,
          glass_columns_a, uniq_grinder, uniq_prince_ribbit1
Temple:   nicolae_temple_god_jail

Skill      XL: |  1  2  3  4  5  6 |
---------------+-------------------+-----
Air Magic      | 3 |  3.5
Polearms       | 1 |  1.1
Fighting       | 2 3 |  3.1
Axes           | 1 2 |  2.2
Stealth        | 1 2 3 |  3.1
Conjurations   | 1 |  1.9
Earth Magic    | 1 2 |  2.0
Armour         | |  1.0
Spellcasting   | |  1.0
Evocations     | |  5.3

Action                     |  1- 3 |  4- 6 || total
---------------------------+-------+-------++-------
  Melee: Club              |     5 |       ||     5
         Whip              |     6 |       ||     6
         Trident           |    88 |       ||    88
         Hand axe          |     2 |    74 ||    76
         Punch             |     1 |       ||     1
   Cast: Shock             |    14 |       ||    14
Ability: Spit Poison       |    10 |     2 ||    12
  Evoke: Wand              |       |     1 ||     1
    Use: Potion            |       |     2 ||     2
   Stab: Sleeping          |       |     5 ||     5
 Armour: Skin              |    21 |     1 ||    22
         Robe              |       |    11 ||    11
  Dodge: Dodged            |    47 |    29 ||    76
